 Dungeon Crawl Stone Soup version 0.23.2 (webtiles) character file.

Game seed: 3643286383080456832

140 Borgoz the Sneak (level 5, -1/44 HPs)
             Began as a Ghoul Assassin on Apr 5, 2019.
             Killed from afar by a hobgoblin (10 damage)
             ... with a wand of acid (3)
             ... on level 3 of the Dungeon.
             The game lasted 00:03:11 (1689 turns).

Borgoz the Sneak (Ghoul Assassin)                   Turns: 1689, Time: 00:03:11

Health: -1/44      AC:  5    Str: 15    XL:     5   Next: 23%
Magic:  4/4        EV: 10    Int:  6    God:
Gold:   82         SH:  0    Dex: 11    Spells: 4/4 levels left

rFire    . . .     SeeInvis .   a - +2 dagger
rCold    + . .     Gourm    .   (no shield)
rNeg     + + +     Faith    .   q - +0 scale mail
rPois    ∞         Spirit   .   k - +1 helmet
rElec    .         Reflect  .   d - +0 cloak
rCorr    .         Harm     .   (no gloves)
MR       .....                  (no boots)
Stlth    +.........             (no amulet)
HPRegen  0.00/turn              (no ring)
MPRegen  0.09/turn              (no ring)

@: corroded, rotting
A: rotting body, claws 1, carnivore, cold resistance 1, negative energy
resistance 3, inhibited regeneration, torment resistance, unbreathing
a: no special abilities


You were on level 3 of the Dungeon.
You were not hungry.

You visited 1 branch of the dungeon, and saw 3 of its levels.

You collected 82 gold pieces.

Inventory:

Hand Weapons
 a - a +2 dagger (weapon)
 b - a +0 blowgun
Missiles
 e - 8 poisoned needles
 f - a curare-tipped needle
Armour
 d - a +0 cloak (worn)
 k - a +1 helmet (worn)
 q - a +0 scale mail (worn)
Jewellery
 s - an uncursed ring of positive energy {unknown}
Scrolls
 h - 2 scrolls of magic mapping {unknown}
 m - 2 scrolls of teleportation {unknown}
 n - 2 scrolls of identify {unknown}
 o - a scroll of blinking {unknown}
Potions
 i - 2 potions of heal wounds {unknown}
 j - a potion of degeneration {unknown}
 l - a potion of haste {unknown}
 p - a potion of curing
 r - a potion of agility {unknown}
Comestibles
 g - 5 rations


   Skills:
 + Level 2.9 Fighting
 * Level 2.8 Short Blades
 - Level 1.7 Throwing
 * Level 2.1 Armour
 * Level 2.5 Dodging
 - Level 4.3 Stealth


You had 4 spell levels left.
You didn't know any spells.
Your spell library was empty.

Dungeon Overview and Level Annotations

Branches:
Dungeon (2/15)

Altars:


Innate Abilities, Weirdness & Mutations

Your body is rotting away.
You thrive on raw meat.
You are immune to poison.
You have sharp fingernails.
You are carnivorous and can eat meat at any time.
Your flesh is cold resistant. (rC+)
You are immune to negative energy. (rN+++)
You do not regenerate when monsters are visible.
You are immune to unholy pain and torment.
You can survive without breathing.


Message History

You eat the chunk of flesh.
This raw flesh tastes great!
The kobold shouts!
The orc barely misses you. The hobgoblin barely misses you.
Okay, then.
You butcher the orc corpse.
The orc hits you but does no damage. The hobgoblin hits you.
Things that are here:
3 chunks of flesh; an orc skeleton Eat one of 3 chunks of flesh? (ye/n/q)
You eat one of the 3 chunks of flesh.
This raw flesh tastes great!
The hobgoblin zaps a wand.
The bolt of acid hits you. The acid corrodes you!
You are splashed with acid!
* * * LOW HITPOINT WARNING * * *
The hobgoblin misses you.
Eat one of 2 chunks of flesh? (ye/n/q)
You eat one of the 2 chunks of flesh.
This raw flesh tastes great!
The orc hits you with a +0 trident.
* * * LOW HITPOINT WARNING * * *
The hobgoblin zaps a wand.
The bolt of acid hits you!
You die...

############.##
#.#.......#
#..#
#.#.......#
.#####.##
#.#.......#
.........#
#.#.......#
#.#####..#
#.#.......#
#..#
#.#.......#
#..# #.......#
#.)# #########
#g@# #go# #...
..#K# ...#.#
....#..
.....##..
...... ..


You could see an orc, 2 hobgoblins and a kobold.

Vanquished Creatures
  Terence (D:3)
  Natasha (D:3)
  Robin (D:3)
  3 adders
  A worm (D:3)
  A dart slug (D:2)
  4 orcs (D:3)
  3 bats
  2 giant cockroaches
  8 hobgoblins
  2 jackals (D:1)
  A ball python (D:3)
  A frilled lizard (D:2)
  11 goblins
  3 kobolds (D:1)
  2 rats
45 creatures vanquished.

Notes
Turn   | Place    | Note
-------+----------+-------------------------------------------
     0 | D:1      | Borgoz the Ghoul Assassin began the quest for the Orb.
     0 | D:1      | Reached XP level 1. HP: 17/17 MP: 0/0
    86 | D:1      | Reached skill level 1 in Dodging
   383 | D:1      | Reached XP level 2. HP: 15/24 MP: 1/1
  1043 | D:2      | Reached skill level 1 in Armour
  1043 | D:2      | Reached XP level 3. HP: 10/29 MP: 2/2
  1257 | D:2      | You fall through a shaft!
  1290 | D:3      | Noticed Natasha
  1307 | D:3      | Killed Natasha
  1307 | D:3      | Reached XP level 4. HP: 19/37 MP: 3/3
  1331 | D:3      | Noticed Robin
  1340 | D:3      | Noticed Terence
  1383 | D:3      | Killed Robin
  1392 | D:3      | Killed Terence
  1415 | D:3      | Reached XP level 5. HP: 14/44 MP: 4/4
  1689 | D:3      | Killed from afar by a hobgoblin

Skill      XL: |  1  2  3  4  5 |
---------------+----------------+-----
Dodging        | 1 2 |  2.5
Short Blades   | 2 |  2.8
Armour         | 1 2 |  2.1
Fighting       | |  2.9
Throwing       | |  1.7
Stealth        | |  4.3

Action                   |  1- 3 |  4- 6 || total
-------------------------+-------+-------++-------
Melee: Dagger            |   101 |    99 ||   200
 Fire: Blowgun           |     5 |    10 ||    15
  Use: Potion            |       |     1 ||     1
 Stab: Sleeping          |     6 |       ||     6
  Eat: Chunk             |     8 |    13 ||    21
Armor: Robe              |    24 |       ||    24
       Scale mail        |     3 |    60 ||    63
Dodge: Dodged            |    62 |    67 ||   129
